[ AOE2 MATCH · #468032992 ]
Team RMBritons vs Romans
[ REPLAY ANALYSIS · EXTRACTED FROM THE RECORDED GAME ]
Feudal
12:30
Castle
18:13
Imperial
27:42
| APM avg | 25.3 |
| APM peak | 56 |
| eAPM avg | 12.6 |
| Villagers / military | 82 / 213 |
Focus
⚔️ 29.4% · 🌾 70.6%
Skirmisher ×101 · Longbowman ×100 · Trebuchet (Packed) ×8 · Monk ×2 · Mangonel ×2
Feudal
10:24
Castle
15:47
Imperial
32:00
| APM avg | 19.6 |
| APM peak | 45 |
| eAPM avg | 14.6 |
| Villagers / military | 149 / 178 |
Focus
⚔️ 38.5% · 🌾 61.5%
Knight ×69 · Militia ×61 · Scout Cavalry ×48
Feudal
10:25
Castle
14:44
Imperial
30:24
| APM avg | 25.2 |
| APM peak | 62 |
| eAPM avg | 13.5 |
| Villagers / military | 143 / 186 |
Focus
⚔️ 25.9% · 🌾 74.1%
Spearman ×154 · Bombard Cannon ×30 · Monk ×2
Feudal
—
Castle
—
Imperial
—
| APM avg | 15.5 |
| APM peak | 50 |
| eAPM avg | 12.6 |
| Villagers / military | 154 / 350 |
Focus
⚔️ 32.8% · 🌾 67.2%
Spearman ×192 · Skirmisher ×94 · Magyar Huszar ×57 · Petard ×5 · Trebuchet (Packed) ×2
Feudal
12:08
Castle
18:02
Imperial
30:48
| APM avg | 16.1 |
| APM peak | 53 |
| eAPM avg | 11.3 |
| Villagers / military | 146 / 101 |
Focus
⚔️ 29.7% · 🌾 70.3%
Knight ×54 · Scout Cavalry ×40 · Throwing Axeman ×4 · Trebuchet (Packed) ×3
Feudal
12:21
Castle
15:56
Imperial
35:26
| APM avg | 23.8 |
| APM peak | 69 |
| eAPM avg | 15.5 |
| Villagers / military | 139 / 378 |
Focus
⚔️ 31.9% · 🌾 68.1%
Spearman ×174 · Scorpion ×158 · Militia ×45 · Trade Cart ×10 · Monk ×1
Match map
Initial resources + every placement click. Lines = walls · curves = elevation contours. ◆ gold · ⬟ stone · ● berries · ✦ relic · ◌ wall gap
Your base· ✓ Closed at 18:13 · 0t walls · 2 gate(s)
JJCalmon's base· ✓ Closed at 15:47 · 0t walls · 2 gate(s)
KingSidOnly's base· ✓ Closed at 14:44 · 0t walls · 2 gate(s)
Doby1Konobi's base· ✓ Closed at 17:31 · 0t walls · 3 gate(s)
ffaldeco11's base· ✓ Closed at 18:02 · 0t walls · 3 gate(s)
's base· ✓ Closed at 15:56 · 0t walls · 2 gate(s)
Smoothed initial terrain · ◌ = detected wall gap · hover for details
Inputs per minute
— Scrapper - - JJCalmon
Build order — Scrapper
First 150 of 256 actions detected
| 0:02 | Create | Villager (Male) |
| 0:02 | Create | Villager (Male) |
| 0:07 | Build | House |
| 0:08 | Build | House |
| 0:36 | Create | Villager (Male) |
| 0:52 | Create | Villager (Male) |
| 1:27 | Create | Villager (Male) |
| 1:47 | Create | Villager (Male) |
| 2:13 | Create | Villager (Male) |
| 2:22 | Build | Lumber Camp |
| 2:30 | Create | Villager (Male) |
| 2:41 | Create | Villager (Male) |
| 3:08 | Create | Villager (Male) |
| 4:03 | Create | Villager (Male) |
| 4:15 | Create | Villager (Male) |
| 4:43 | Build | House |
| 4:48 | Research | Loom |
| 4:50 | Create | Villager (Male) |
| 5:17 | Create | Villager (Male) |
| 5:28 | Create | Villager (Male) |
| 6:31 | Build | House |
| 6:42 | Build | Mill |
| 7:11 | Create | Villager (Male) |
| 7:12 | Create | Villager (Male) |
| 8:02 | Create | Villager (Male) |
| 8:19 | Create | Villager (Male) |
| 8:37 | Create | Villager (Male) |
| 8:58 | Build | Mining Camp |
| 9:19 | Create | Villager (Male) |
| 9:24 | Build | Mining Camp |
| 9:29 | Build | House |
| 9:38 | Build | Farm |
| 9:55 | Create | Villager (Male) |
| 10:12 | Research | Feudal Age |
| 12:08 | Build | Farm |
| 12:09 | Build | Farm |
| 12:19 | Build | Farm |
| 12:30 | Age | Feudal Age |
| 12:33 | Create | Villager (Male) |
| 12:34 | Create | Villager (Male) |
| 12:58 | Build | Farm |
| 13:03 | Build | Farm |
| 13:11 | Build | House |
| 13:31 | Create | Villager (Male) |
| 13:47 | Build | Farm |
| 13:54 | Build | Farm |
| 13:57 | Create | Villager (Male) |
| 14:04 | Build | Farm |
| 14:34 | Build | Market |
| 14:44 | Build | Blacksmith |
| 14:54 | Create | Villager (Male) |
| 15:16 | Research | Double-Bit Axe |
| 15:27 | Build | Farm |
| 15:33 | Research | Castle Age |
| 15:43 | Build | House |
| 16:29 | Build | Barracks |
| 16:43 | Research | Fletching |
| 16:49 | Research | Horse Collar |
| 17:35 | Build | Archery Range |
| 18:13 | Age | Castle Age |
| 18:39 | Build | Castle |
| 19:09 | Build | University |
| 19:15 | Create | Villager (Male) |
| 19:16 | Create | Villager (Male) |
| 19:46 | Create | Villager (Male) |
| 19:56 | Build | Farm |
| 20:07 | Create | Villager (Male) |
| 20:11 | Create | Longbowman |
| 20:31 | Create | Villager (Male) |
| 20:34 | Create | Longbowman |
| 20:52 | Build | Monastery |
| 20:57 | Create | Villager (Male) |
| 21:27 | Build | Town Center |
| 21:35 | Create | Villager (Male) |
| 21:47 | Create | Monk |
| 21:51 | Create | Longbowman |
| 22:19 | Create | Longbowman |
| 22:24 | Create | Villager (Male) |
| 22:26 | Create | Villager (Male) |
| 22:29 | Build | Farm |
| 22:53 | Build | Mining Camp |
| 22:57 | Create | Villager (Male) |
| 23:10 | Create | Villager (Male) |
| 23:10 | Create | Villager (Male) |
| 24:04 | Create | Villager (Male) |
| 24:32 | Research | Imperial Age |
| 25:02 | Build | Lumber Camp |
| 25:16 | Create | Villager (Male) |
| 25:17 | Create | Villager (Male) |
| 25:29 | Build | Farm |
| 25:30 | Build | Farm |
| 25:31 | Build | Farm |
| 25:38 | Create | Villager (Male) |
| 25:43 | Create | Longbowman |
| 25:50 | Research | Ballistics |
| 26:10 | Create | Longbowman |
| 26:31 | Research | Bodkin Arrow |
| 26:48 | Create | Monk |
| 26:51 | Create | Villager (Male) |
| 26:51 | Create | Villager (Male) |
| 26:58 | Build | Town Center |
| 27:05 | Build | Lumber Camp |
| 27:14 | Build | Farm |
| 27:15 | Build | Farm |
| 27:36 | Create | Longbowman |
| 27:42 | Age | Imperial Age |
| 27:57 | Create | Longbowman |
| 28:02 | Create | Villager (Male) |
| 28:02 | Create | Villager (Male) |
| 28:23 | Create | Villager (Male) |
| 28:23 | Create | Villager (Male) |
| 28:29 | Create | Longbowman |
| 28:38 | Create | Trebuchet (Packed) |
| 29:25 | Build | Castle |
| 29:32 | Create | Trebuchet (Packed) |
| 29:52 | Create | Villager (Male) ×5 |
| 29:54 | Create | Villager (Male) ×5 |
| 30:04 | Build | Mill |
| 30:06 | Build | Farm |
| 30:07 | Build | Farm |
| 30:17 | Build | Farm |
| 30:17 | Build | Farm |
| 30:21 | Build | Farm |
| 30:21 | Build | Farm |
| 30:21 | Build | Farm |
| 30:22 | Build | Farm |
| 30:38 | Build | Siege Workshop |
| 30:46 | Create | Longbowman |
| 30:52 | Build | House |
| 30:53 | Build | House |
| 30:53 | Build | House |
| 31:23 | Build | Farm |
| 31:48 | Research | Elite Longbowman (upgrade) |
| 31:55 | Create | Villager (Male) |
| 32:10 | Create | Villager (Male) |
| 32:10 | Create | Villager (Male) |
| 32:15 | Build | House |
| 32:16 | Build | House |
| 32:17 | Build | House |
| 32:21 | Build | House |
| 32:21 | Build | House |
| 32:22 | Build | House |
| 32:23 | Build | House |
| 32:24 | Build | House |
| 32:32 | Create | Villager (Male) ×4 |
| 32:48 | Build | Mining Camp |
| 32:56 | Create | Longbowman |
| 32:56 | Create | Longbowman |
| 32:57 | Create | Longbowman |
| 32:58 | Create | Longbowman |
Build order — JJCalmon
First 150 of 514 actions detected
| 0:03 | Create | Villager (Male) |
| 0:03 | Create | Villager (Male) |
| 0:03 | Create | Villager (Male) |
| 0:06 | Build | House |
| 0:07 | Build | House |
| 0:25 | Create | Villager (Male) |
| 0:25 | Create | Villager (Male) |
| 1:35 | Create | Villager (Male) |
| 1:45 | Build | Lumber Camp |
| 1:51 | Create | Villager (Male) |
| 2:27 | Create | Villager (Male) |
| 2:40 | Build | House |
| 2:58 | Create | Villager (Male) |
| 2:59 | Create | Villager (Male) |
| 3:12 | Build | House |
| 3:37 | Create | Villager (Male) |
| 4:04 | Create | Villager (Male) |
| 4:17 | Build | Mill |
| 4:58 | Create | Villager (Male) |
| 5:34 | Create | Villager (Male) |
| 5:34 | Create | Villager (Male) |
| 5:53 | Create | Villager (Male) |
| 6:06 | Build | Mill |
| 6:10 | Create | Villager (Male) |
| 6:12 | Create | Villager (Male) |
| 6:40 | Create | Villager (Male) |
| 6:57 | Create | Villager (Male) |
| 7:32 | Create | Villager (Male) |
| 8:03 | Build | Mining Camp |
| 8:10 | Research | Feudal Age |
| 8:19 | Build | Farm |
| 8:22 | Build | Farm |
| 8:24 | Build | Farm |
| 8:51 | Build | Farm |
| 8:54 | Create | Villager (Male) |
| 9:18 | Build | House |
| 9:47 | Create | Villager (Male) |
| 10:24 | Age | Feudal Age |
| 10:44 | Build | Blacksmith |
| 11:09 | Create | Villager (Male) |
| 11:45 | Build | Market |
| 11:50 | Create | Villager (Male) |
| 11:53 | Create | Villager (Male) |
| 12:26 | Build | Farm |
| 12:32 | Build | Farm |
| 12:41 | Create | Villager (Male) |
| 13:22 | Research | Castle Age |
| 13:48 | Build | House |
| 13:51 | Build | House |
| 13:55 | Research | Double-Bit Axe |
| 14:07 | Research | Horse Collar |
| 15:07 | Research | Wheelbarrow |
| 15:47 | Age | Castle Age |
| 15:53 | Build | Town Center |
| 16:25 | Create | Villager (Male) |
| 16:34 | Create | Villager (Male) |
| 16:44 | Build | Town Center |
| 17:05 | Create | Villager (Male) |
| 17:06 | Create | Villager (Male) |
| 17:31 | Create | Villager (Male) |
| 17:51 | Create | Villager (Male) |
| 17:51 | Create | Villager (Male) |
| 17:52 | Create | Villager (Male) |
| 18:01 | Build | Mining Camp |
| 18:14 | Create | Villager (Male) |
| 18:24 | Create | Villager (Male) |
| 18:25 | Create | Villager (Male) |
| 18:25 | Create | Villager (Male) |
| 18:31 | Research | Bow Saw |
| 18:46 | Research | Heavy Plow |
| 18:51 | Build | Farm |
| 18:58 | Create | Villager (Male) |
| 19:00 | Create | Villager (Male) |
| 19:17 | Build | Farm |
| 19:18 | Build | Farm |
| 19:18 | Build | Farm |
| 19:18 | Build | Farm |
| 19:34 | Build | Farm |
| 19:36 | Create | Villager (Male) |
| 19:45 | Build | House |
| 19:48 | Build | House |
| 19:50 | Create | Villager (Male) |
| 19:51 | Create | Villager (Male) |
| 19:56 | Build | Farm |
| 19:57 | Build | Farm |
| 19:57 | Build | Farm |
| 19:57 | Build | Farm |
| 20:23 | Build | Barracks |
| 20:26 | Create | Villager (Male) |
| 20:26 | Create | Villager (Male) |
| 20:26 | Create | Villager (Male) |
| 20:33 | Build | Farm |
| 20:38 | Build | Farm |
| 20:44 | Create | Villager (Male) |
| 20:49 | Build | Farm |
| 20:53 | Build | Farm |
| 21:00 | Create | Villager (Male) |
| 21:01 | Create | Villager (Male) |
| 21:01 | Create | Villager (Male) |
| 21:27 | Build | Stable |
| 21:31 | Build | House |
| 21:33 | Build | House |
| 21:36 | Create | Villager (Male) |
| 21:37 | Create | Villager (Male) |
| 21:37 | Create | Villager (Male) |
| 21:37 | Create | Villager (Male) |
| 21:38 | Create | Villager (Male) |
| 21:42 | Build | Farm |
| 21:51 | Build | Farm |
| 21:54 | Build | Farm |
| 22:00 | Build | Farm |
| 22:02 | Create | Villager (Male) |
| 22:03 | Create | Villager (Male) |
| 22:04 | Create | Villager (Male) |
| 22:22 | Create | Villager (Male) |
| 22:23 | Create | Villager (Male) |
| 22:32 | Build | Farm |
| 22:34 | Build | Farm |
| 22:39 | Build | Farm |
| 22:42 | Create | Villager (Male) |
| 22:43 | Create | Villager (Male) |
| 22:43 | Create | Villager (Male) |
| 22:59 | Build | Stable |
| 23:04 | Build | House |
| 23:06 | Build | House |
| 23:07 | Build | House |
| 23:09 | Build | House |
| 23:11 | Create | Villager (Male) |
| 23:11 | Create | Villager (Male) |
| 23:11 | Create | Villager (Male) |
| 23:12 | Create | Villager (Male) |
| 23:12 | Create | Villager (Male) |
| 23:27 | Create | Villager (Male) |
| 23:28 | Create | Villager (Male) |
| 23:46 | Build | Mining Camp |
| 23:48 | Create | Villager (Male) |
| 23:48 | Create | Villager (Male) |
| 23:49 | Create | Villager (Male) |
| 23:58 | Build | Town Center |
| 24:02 | Create | Villager (Male) |
| 24:14 | Create | Scout Cavalry |
| 24:15 | Create | Scout Cavalry |
| 24:17 | Create | Scout Cavalry |
| 24:25 | Build | Mining Camp |
| 24:28 | Create | Villager (Male) |
| 24:28 | Create | Villager (Male) |
| 24:36 | Build | House |
| 24:37 | Build | House |
| 24:38 | Build | House |
| 24:39 | Build | House |
Build order — KingSidOnly
First 150 of 317 actions detected
| 0:03 | Create | Villager (Male) |
| 0:03 | Create | Villager (Male) ×4 |
| 0:03 | Create | Villager (Male) ×4 |
| 0:06 | Build | House |
| 0:07 | Build | House |
| 1:28 | Create | Villager (Male) |
| 1:52 | Build | Lumber Camp |
| 1:57 | Create | Villager (Male) |
| 2:38 | Create | Villager (Male) |
| 3:09 | Build | House |
| 3:10 | Create | Villager (Male) |
| 3:10 | Create | Villager (Male) |
| 3:43 | Create | Villager (Male) |
| 3:44 | Create | Villager (Male) |
| 4:20 | Build | Mill |
| 4:24 | Create | Villager (Male) |
| 4:46 | Create | Villager (Male) |
| 5:10 | Create | Villager (Male) |
| 5:11 | Create | Villager (Male) |
| 5:46 | Create | Villager (Male) |
| 6:17 | Create | Villager (Male) |
| 6:17 | Create | Villager (Male) |
| 6:18 | Create | Villager (Male) |
| 6:23 | Build | House |
| 7:46 | Create | Villager (Male) |
| 7:52 | Build | Mining Camp |
| 7:58 | Build | Mining Camp |
| 8:15 | Research | Feudal Age |
| 8:28 | Create | Villager (Male) |
| 8:34 | Create | Villager (Male) |
| 10:25 | Age | Feudal Age |
| 10:27 | Build | Market |
| 10:32 | Build | Blacksmith |
| 12:04 | Research | Castle Age |
| 12:19 | Build | Farm |
| 12:19 | Build | Farm |
| 12:19 | Build | Farm |
| 12:20 | Build | Farm |
| 12:20 | Build | Farm |
| 13:18 | Build | House |
| 14:06 | Research | Horse Collar |
| 14:09 | Research | Double-Bit Axe |
| 14:16 | Build | Farm |
| 14:17 | Build | Farm |
| 14:44 | Age | Castle Age |
| 14:48 | Build | Town Center |
| 15:00 | Build | Town Center |
| 15:04 | Create | Villager (Male) |
| 15:04 | Create | Villager (Male) |
| 15:15 | Build | Farm |
| 15:18 | Build | Farm |
| 15:21 | Build | Farm |
| 15:34 | Create | Villager (Male) |
| 15:43 | Build | House |
| 16:10 | Create | Villager (Male) |
| 16:18 | Build | Farm |
| 16:20 | Create | Villager (Male) ×3 |
| 16:30 | Build | Farm |
| 16:45 | Create | Villager (Male) |
| 16:50 | Create | Villager (Male) |
| 16:51 | Create | Villager (Male) ×3 |
| 16:56 | Build | Farm |
| 16:57 | Build | Farm |
| 17:13 | Build | Farm |
| 17:23 | Create | Villager (Male) |
| 17:26 | Build | Farm |
| 17:28 | Create | Villager (Male) |
| 17:41 | Build | House |
| 17:51 | Build | Farm |
| 18:03 | Build | House |
| 18:05 | Build | House |
| 18:07 | Create | Villager (Male) |
| 18:08 | Create | Villager (Male) ×3 |
| 18:14 | Build | Farm |
| 18:21 | Build | Farm |
| 18:24 | Create | Villager (Male) |
| 18:41 | Create | Villager (Male) |
| 18:45 | Build | Farm |
| 18:47 | Build | Farm |
| 18:56 | Build | Farm |
| 18:56 | Create | Villager (Male) ×3 |
| 19:01 | Build | Farm |
| 19:02 | Create | Villager (Male) |
| 19:10 | Build | Farm |
| 19:18 | Create | Villager (Male) ×2 |
| 19:25 | Build | House |
| 19:32 | Build | House |
| 19:34 | Create | Villager (Male) |
| 19:35 | Create | Villager (Male) |
| 20:02 | Research | Bow Saw |
| 20:07 | Create | Villager (Male) |
| 20:09 | Create | Villager (Male) |
| 20:24 | Build | House |
| 20:31 | Research | Heavy Plow |
| 20:32 | Create | Villager (Male) |
| 20:36 | Create | Villager (Male) |
| 20:43 | Build | Farm |
| 20:46 | Build | Farm |
| 20:51 | Build | Farm |
| 20:55 | Create | Villager (Male) |
| 20:55 | Create | Villager (Male) |
| 21:00 | Build | Farm |
| 21:04 | Build | Farm |
| 21:05 | Create | Villager (Male) ×2 |
| 21:09 | Build | House |
| 21:16 | Build | Monastery |
| 21:24 | Create | Villager (Male) ×2 |
| 21:31 | Build | Farm |
| 21:39 | Research | Wheelbarrow |
| 21:45 | Create | Villager (Male) |
| 21:58 | Build | Farm |
| 22:02 | Create | Villager (Male) ×2 |
| 22:20 | Build | Town Center |
| 22:25 | Create | Villager (Male) ×5 |
| 22:27 | Research | Loom |
| 22:31 | Create | Monk |
| 22:38 | Create | Villager (Male) ×3 |
| 22:49 | Build | Farm |
| 22:50 | Build | Farm |
| 22:54 | Build | Farm |
| 22:56 | Create | Villager (Male) ×3 |
| 23:01 | Build | Farm |
| 23:04 | Create | Villager (Male) |
| 23:09 | Build | Farm |
| 23:14 | Build | University |
| 23:20 | Build | House |
| 23:22 | Build | House |
| 23:27 | Create | Monk |
| 23:33 | Create | Villager (Male) ×5 |
| 23:34 | Create | Villager (Male) ×2 |
| 23:48 | Create | Villager (Male) ×3 |
| 23:55 | Research | Hand Cart |
| 24:22 | Create | Villager (Male) ×5 |
| 24:51 | Create | Villager (Male) ×5 |
| 25:00 | Build | Farm |
| 25:00 | Build | Farm |
| 25:00 | Build | Farm |
| 25:01 | Build | Farm |
| 25:05 | Research | Town Watch |
| 25:17 | Build | Barracks |
| 25:17 | Build | Barracks |
| 25:20 | Build | Barracks |
| 25:21 | Build | Barracks |
| 25:29 | Build | Siege Workshop |
| 25:30 | Build | Siege Workshop |
| 25:36 | Create | Villager (Male) ×5 |
| 25:40 | Research | Scale Mail Armor |
| 25:41 | Research | Forging |
| 26:02 | Build | Mining Camp |
| 26:08 | Create | Villager (Male) |
Build order — Doby1Konobi
First 150 of 339 actions detected
| 0:06 | Build | House |
| 0:07 | Build | House |
| 0:10 | Create | Villager (Male) ×4 |
| 0:10 | Create | Villager (Male) |
| 0:11 | Research | Loom |
| 0:11 | Research | Loom |
| 2:13 | Create | Villager (Male) |
| 2:13 | Create | Villager (Male) |
| 2:31 | Create | Villager (Male) |
| 3:02 | Create | Villager (Male) |
| 3:03 | Create | Villager (Male) |
| 3:20 | Create | Villager (Male) |
| 3:20 | Create | Villager (Male) |
| 4:29 | Create | Villager (Male) ×2 |
| 4:29 | Create | Villager (Male) |
| 4:46 | Build | Lumber Camp |
| 4:54 | Build | House |
| 4:58 | Build | House |
| 5:00 | Build | House |
| 5:05 | Create | Villager (Male) ×2 |
| 5:05 | Create | Villager (Male) |
| 6:02 | Build | Lumber Camp |
| 6:10 | Create | Villager (Male) |
| 6:10 | Create | Villager (Male) |
| 7:17 | Build | Mill |
| 7:20 | Create | Villager (Male) ×5 |
| 7:20 | Create | Villager (Male) |
| 7:41 | Build | House |
| 7:47 | Build | House |
| 7:48 | Build | House |
| 8:08 | Create | Villager (Male) |
| 8:24 | Create | Villager (Male) |
| 8:24 | Create | Villager (Male) |
| 8:24 | Create | Villager (Male) |
| 8:36 | Create | Villager (Male) |
| 8:57 | Create | Villager (Male) |
| 9:21 | Build | Mining Camp |
| 9:57 | Build | Mining Camp |
| 10:23 | Build | Farm |
| 10:43 | Research | Feudal Age |
| 11:08 | Build | Farm |
| 11:27 | Build | Farm |
| 11:34 | Create | Villager (Male) |
| 11:36 | Create | Villager (Male) |
| 11:38 | Create | Villager (Male) |
| 12:09 | Build | Farm |
| 12:28 | Build | Farm |
| 12:37 | Build | Farm |
| 12:52 | Build | Farm |
| 13:28 | Create | Villager (Male) |
| 13:30 | Create | Villager (Male) |
| 14:13 | Build | Market |
| 14:41 | Create | Villager (Male) |
| 14:42 | Create | Villager (Male) |
| 14:42 | Create | Villager (Male) |
| 14:42 | Create | Villager (Male) |
| 14:49 | Build | Blacksmith |
| 15:05 | Build | Farm |
| 15:21 | Build | Farm |
| 15:30 | Research | Double-Bit Axe |
| 15:53 | Create | Villager (Male) |
| 16:01 | Research | Horse Collar |
| 16:23 | Create | Villager (Male) |
| 16:35 | Build | Farm |
| 16:36 | Build | Farm |
| 17:23 | Create | Villager (Male) |
| 17:31 | Research | Castle Age |
| 18:27 | Create | Villager (Male) |
| 18:27 | Create | Villager (Male) |
| 19:31 | Research | Fletching |
| 19:31 | Research | Padded Archer Armor |
| 19:34 | Research | Scale Barding Armor |
| 19:58 | Research | Gold Mining |
| 20:24 | Build | Castle |
| 20:31 | Build | Stone Wall |
| 20:38 | Build | Stone Wall |
| 20:45 | Build | Town Center |
| 20:58 | Build | Town Center |
| 21:05 | Create | Villager (Male) |
| 21:05 | Create | Villager (Male) |
| 21:06 | Create | Villager (Male) |
| 21:29 | Build | Barracks |
| 21:30 | Build | Barracks |
| 21:30 | Build | Barracks |
| 21:32 | Build | Barracks |
| 21:35 | Build | Barracks |
| 21:36 | Build | Barracks |
| 21:57 | Create | Villager (Male) ×5 |
| 21:57 | Create | Villager (Male) |
| 22:27 | Build | Mill |
| 22:38 | Build | Barracks |
| 22:51 | Create | Villager (Male) ×3 |
| 22:52 | Create | Villager (Male) |
| 22:54 | Research | Wheelbarrow |
| 22:55 | Create | Villager (Male) ×2 |
| 22:55 | Create | Villager (Male) |
| 23:06 | Build | Farm |
| 23:06 | Build | Farm |
| 23:06 | Build | Farm |
| 23:07 | Build | Farm |
| 23:07 | Build | Farm |
| 23:07 | Build | Farm |
| 23:07 | Build | Farm |
| 23:09 | Build | Farm |
| 23:09 | Build | Farm |
| 23:09 | Build | Farm |
| 23:10 | Build | Farm |
| 23:10 | Build | Farm |
| 23:10 | Build | Farm |
| 23:26 | Build | Farm |
| 23:38 | Build | Farm |
| 23:52 | Build | House |
| 23:52 | Build | House |
| 23:52 | Build | House |
| 23:53 | Build | House |
| 23:53 | Build | House |
| 23:53 | Build | House |
| 23:54 | Build | House |
| 24:04 | Create | Villager (Male) ×5 |
| 24:28 | Create | Villager (Male) ×2 |
| 24:28 | Create | Villager (Male) |
| 24:43 | Build | Town Center |
| 25:16 | Research | Hand Cart |
| 25:22 | Create | Villager (Male) ×2 |
| 25:22 | Create | Villager (Male) |
| 25:47 | Create | Villager (Male) ×2 |
| 25:48 | Create | Villager (Male) |
| 26:12 | Build | Barracks |
| 26:13 | Build | Barracks |
| 26:23 | Research | Pikeman (upgrade) |
| 26:34 | Create | Villager (Male) ×2 |
| 26:34 | Create | Villager (Male) |
| 26:44 | Research | Stone Mining |
| 26:56 | Research | Bow Saw |
| 27:10 | Research | Heavy Plow |
| 27:18 | Build | Farm |
| 27:39 | Create | Villager (Male) ×6 |
| 27:39 | Create | Villager (Male) |
| 28:02 | Research | Man-at-Arms (upgrade) |
| 28:06 | Research | Arson |
| 28:14 | Create | Magyar Huszar ×4 |
| 28:15 | Create | Magyar Huszar |
| 28:22 | Create | Villager (Male) |
| 28:22 | Create | Villager (Male) |
| 28:37 | Create | Villager (Male) ×2 |
| 28:37 | Create | Villager (Male) |
| 29:12 | Research | Long Swordsman (upgrade) |
| 29:20 | Create | Villager (Male) ×2 |
| 29:20 | Create | Villager (Male) |
| 29:32 | Build | Archery Range |
Build order — ffaldeco11
First 150 of 422 actions detected
| 0:05 | Build | House |
| 0:06 | Create | Villager (Male) |
| 0:06 | Create | Villager (Male) |
| 0:06 | Create | Villager (Male) |
| 0:07 | Create | Villager (Male) |
| 0:51 | Build | House |
| 0:54 | Build | House |
| 1:02 | Build | House |
| 1:04 | Build | House |
| 1:06 | Build | House |
| 2:00 | Create | Villager (Male) |
| 2:01 | Create | Villager (Male) |
| 2:27 | Create | Villager (Male) |
| 2:27 | Create | Villager (Male) |
| 2:48 | Create | Villager (Male) |
| 2:48 | Create | Villager (Male) |
| 3:36 | Create | Villager (Male) |
| 3:37 | Create | Villager (Male) |
| 3:37 | Create | Villager (Male) |
| 4:07 | Create | Villager (Male) |
| 4:07 | Create | Villager (Male) |
| 4:07 | Create | Villager (Male) |
| 4:07 | Create | Villager (Male) |
| 5:01 | Create | Villager (Male) |
| 5:13 | Create | Villager (Male) |
| 5:13 | Create | Villager (Male) |
| 5:35 | Build | Lumber Camp |
| 5:48 | Create | Villager (Male) |
| 6:54 | Create | Villager (Male) |
| 6:55 | Create | Villager (Male) |
| 7:43 | Create | Villager (Male) |
| 7:54 | Create | Villager (Male) |
| 8:23 | Create | Villager (Male) |
| 8:42 | Create | Villager (Male) |
| 9:06 | Build | Mill |
| 9:22 | Build | Mill |
| 9:47 | Build | Mining Camp |
| 9:58 | Research | Feudal Age |
| 11:30 | Build | Mining Camp |
| 11:33 | Build | Farm |
| 12:08 | Age | Feudal Age |
| 12:13 | Research | Wheelbarrow |
| 12:19 | Research | Double-Bit Axe |
| 12:43 | Create | Villager (Male) |
| 12:46 | Create | Villager (Male) |
| 13:27 | Build | Blacksmith |
| 13:58 | Build | Market |
| 14:17 | Create | Villager (Male) |
| 14:24 | Build | Farm |
| 14:26 | Build | Farm |
| 14:48 | Create | Villager (Male) |
| 15:22 | Research | Castle Age |
| 15:26 | Build | House |
| 15:27 | Build | House |
| 15:36 | Build | Farm |
| 16:39 | Build | Farm |
| 17:38 | Research | Stone Mining |
| 17:42 | Research | Gold Mining |
| 18:02 | Age | Castle Age |
| 18:12 | Build | Castle |
| 18:16 | Create | Villager (Male) |
| 18:17 | Create | Villager (Male) |
| 18:17 | Create | Villager (Male) |
| 18:24 | Build | Town Center |
| 18:52 | Create | Villager (Male) |
| 19:55 | Build | Town Center |
| 19:58 | Create | Villager (Male) |
| 19:58 | Create | Villager (Male) |
| 19:59 | Create | Villager (Male) |
| 19:59 | Create | Villager (Male) |
| 20:08 | Build | Farm |
| 20:10 | Build | Farm |
| 20:13 | Build | Farm |
| 20:26 | Build | Farm |
| 20:28 | Build | Farm |
| 20:29 | Build | Farm |
| 20:39 | Create | Villager (Male) |
| 20:39 | Create | Villager (Male) |
| 20:46 | Build | Farm |
| 20:48 | Build | Farm |
| 20:49 | Build | Farm |
| 21:19 | Create | Villager (Male) |
| 21:20 | Create | Villager (Male) |
| 21:20 | Create | Villager (Male) |
| 21:32 | Create | Villager (Male) |
| 21:33 | Create | Villager (Male) |
| 21:42 | Create | Villager (Male) |
| 21:43 | Create | Villager (Male) |
| 21:51 | Create | Villager (Male) |
| 21:51 | Create | Villager (Male) |
| 21:51 | Create | Villager (Male) |
| 21:57 | Build | Farm |
| 22:00 | Build | Farm |
| 22:02 | Build | Farm |
| 22:04 | Build | Farm |
| 22:08 | Create | Villager (Male) |
| 22:08 | Create | Villager (Male) |
| 22:10 | Create | Villager (Male) |
| 22:18 | Create | Villager (Male) |
| 22:36 | Create | Villager (Male) |
| 22:36 | Create | Villager (Male) |
| 22:43 | Build | Farm |
| 22:45 | Build | Farm |
| 22:48 | Build | Farm |
| 22:51 | Create | Villager (Male) |
| 22:51 | Create | Villager (Male) |
| 22:51 | Create | Villager (Male) |
| 23:05 | Build | Farm |
| 23:17 | Build | Farm |
| 23:27 | Create | Villager (Male) |
| 23:28 | Create | Villager (Male) |
| 23:28 | Create | Villager (Male) |
| 23:28 | Create | Villager (Male) |
| 23:28 | Create | Villager (Male) |
| 23:29 | Create | Villager (Male) |
| 23:37 | Build | House |
| 23:38 | Build | House |
| 23:39 | Build | House |
| 23:40 | Build | House |
| 23:44 | Create | Villager (Male) |
| 24:03 | Build | Mill |
| 24:28 | Create | Villager (Male) |
| 24:28 | Create | Villager (Male) |
| 24:28 | Create | Villager (Male) |
| 24:28 | Create | Villager (Male) |
| 24:29 | Create | Villager (Male) |
| 24:29 | Create | Villager (Male) |
| 24:30 | Create | Villager (Male) |
| 24:38 | Build | Farm |
| 24:40 | Build | Farm |
| 24:43 | Build | Farm |
| 24:57 | Create | Villager (Male) |
| 24:57 | Create | Villager (Male) |
| 24:58 | Create | Villager (Male) |
| 25:10 | Build | Farm |
| 25:12 | Build | Farm |
| 25:14 | Build | Farm |
| 25:28 | Research | Hand Cart |
| 25:30 | Create | Villager (Male) |
| 25:30 | Create | Villager (Male) |
| 25:40 | Build | Farm |
| 25:42 | Build | Farm |
| 25:53 | Create | Villager (Male) |
| 25:53 | Create | Villager (Male) |
| 25:53 | Create | Villager (Male) |
| 25:55 | Create | Villager (Male) |
| 26:12 | Build | Farm |
| 26:14 | Create | Villager (Male) |
| 26:27 | Build | Farm |
| 26:35 | Build | Mill |
Build order —
First 150 of 409 actions detected
| 0:03 | Build | House |
| 0:04 | Build | House |
| 0:05 | Create | Villager (Male) |
| 0:06 | Create | Villager (Male) |
| 0:06 | Create | Villager (Male) |
| 0:06 | Create | Villager (Male) |
| 0:06 | Create | Villager (Male) |
| 1:27 | Create | Villager (Male) |
| 1:51 | Create | Villager (Male) |
| 2:15 | Build | Lumber Camp |
| 2:29 | Create | Villager (Male) |
| 2:30 | Create | Villager (Male) |
| 2:55 | Create | Villager (Male) |
| 2:55 | Create | Villager (Male) |
| 3:30 | Create | Villager (Male) |
| 4:01 | Build | House |
| 4:08 | Create | Villager (Male) |
| 4:19 | Build | Mill |
| 4:21 | Create | Villager (Male) |
| 5:11 | Create | Villager (Male) |
| 5:11 | Create | Villager (Male) |
| 5:12 | Create | Villager (Male) |
| 5:21 | Build | House |
| 5:23 | Build | House |
| 5:53 | Create | Villager (Male) |
| 6:18 | Create | Villager (Male) ×3 |
| 6:31 | Build | Mining Camp |
| 6:55 | Create | Villager (Male) |
| 7:27 | Build | Lumber Camp |
| 7:47 | Create | Villager (Male) |
| 7:48 | Create | Villager (Male) |
| 7:49 | Create | Villager (Male) |
| 8:15 | Create | Villager (Male) |
| 9:29 | Build | Mining Camp |
| 9:48 | Research | Feudal Age |
| 9:50 | Create | Villager (Male) |
| 9:51 | Create | Villager (Male) |
| 10:58 | Build | House |
| 10:59 | Build | House |
| 11:11 | Create | Villager (Male) |
| 11:23 | Build | Mill |
| 11:47 | Build | Farm |
| 11:47 | Build | Farm |
| 11:47 | Build | Farm |
| 11:48 | Build | Farm |
| 12:21 | Age | Feudal Age |
| 12:25 | Build | Blacksmith |
| 12:31 | Build | Market |
| 13:16 | Research | Castle Age |
| 13:44 | Build | Farm |
| 13:44 | Build | Farm |
| 13:53 | Build | Farm |
| 13:53 | Build | Farm |
| 14:08 | Research | Stone Mining |
| 14:47 | Research | Loom |
| 14:48 | Create | Villager (Male) |
| 14:48 | Create | Villager (Male) |
| 14:59 | Research | Double-Bit Axe |
| 15:08 | Research | Horse Collar |
| 15:56 | Age | Castle Age |
| 16:07 | Build | Town Center |
| 17:10 | Build | Castle |
| 17:18 | Build | Farm |
| 17:18 | Build | Farm |
| 17:19 | Build | Farm |
| 17:20 | Build | Farm |
| 17:31 | Create | Villager (Male) |
| 17:31 | Create | Villager (Male) |
| 17:35 | Create | Villager (Male) |
| 17:35 | Create | Villager (Male) |
| 17:43 | Research | Gold Mining |
| 18:01 | Research | Heavy Plow |
| 18:07 | Create | Villager (Male) |
| 18:10 | Create | Villager (Male) ×5 |
| 19:01 | Build | Town Center |
| 19:08 | Create | Villager (Male) |
| 19:13 | Create | Villager (Male) |
| 19:13 | Create | Villager (Male) |
| 19:13 | Create | Villager (Male) |
| 19:15 | Create | Villager (Male) |
| 19:23 | Build | Farm |
| 19:45 | Research | Bow Saw |
| 19:50 | Build | Farm |
| 20:08 | Build | Farm |
| 20:13 | Create | Villager (Male) |
| 20:22 | Create | Villager (Male) |
| 20:28 | Build | Siege Workshop |
| 20:40 | Build | Farm |
| 20:43 | Create | Villager (Male) |
| 20:46 | Create | Villager (Male) ×2 |
| 20:55 | Create | Villager (Male) |
| 21:04 | Build | Farm |
| 21:08 | Build | Siege Workshop |
| 21:12 | Build | Barracks |
| 21:17 | Build | Farm |
| 21:22 | Build | Farm |
| 21:25 | Create | Villager (Male) |
| 21:27 | Create | Villager (Male) |
| 21:33 | Create | Villager (Male) |
| 21:36 | Create | Villager (Male) |
| 21:42 | Build | House |
| 21:42 | Build | House |
| 21:43 | Build | House |
| 21:43 | Build | House |
| 21:44 | Build | House |
| 21:45 | Build | House |
| 21:46 | Build | House |
| 21:47 | Build | House |
| 21:47 | Build | House |
| 21:48 | Build | House |
| 21:50 | Build | House |
| 21:58 | Build | Farm |
| 22:02 | Create | Villager (Male) |
| 22:02 | Create | Villager (Male) |
| 22:03 | Create | Villager (Male) |
| 22:16 | Create | Villager (Male) |
| 22:16 | Create | Villager (Male) |
| 22:17 | Create | Villager (Male) |
| 22:20 | Build | Farm |
| 22:23 | Build | Mill |
| 22:38 | Build | Barracks |
| 22:41 | Create | Scorpion |
| 22:43 | Create | Scorpion |
| 22:47 | Build | Farm |
| 22:50 | Research | Pikeman (upgrade) |
| 23:12 | Build | Town Center |
| 23:18 | Create | Scorpion |
| 23:18 | Create | Scorpion |
| 23:24 | Build | Farm |
| 23:30 | Create | Scorpion |
| 23:30 | Create | Scorpion |
| 23:34 | Create | Villager (Male) |
| 23:34 | Create | Villager (Male) |
| 23:35 | Create | Villager (Male) |
| 23:35 | Create | Villager (Male) |
| 23:35 | Create | Villager (Male) |
| 23:36 | Create | Villager (Male) |
| 23:36 | Create | Villager (Male) |
| 23:36 | Create | Villager (Male) |
| 23:51 | Build | Farm |
| 24:02 | Build | Mining Camp |
| 24:06 | Create | Villager (Male) |
| 24:06 | Create | Villager (Male) |
| 24:19 | Create | Villager (Male) ×4 |
| 24:22 | Create | Villager (Male) |
| 24:32 | Build | Farm |
| 24:36 | Create | Villager (Male) |
| 24:36 | Create | Villager (Male) |
| 24:36 | Create | Villager (Male) |
| 24:43 | Create | Scorpion |
Match timeline
| 10:24 | JJCalmon · age_up feudal |
| 10:25 | KingSidOnly · age_up feudal |
| 12:08 | ffaldeco11 · age_up feudal |
| 12:21 | · age_up feudal |
| 12:30 | Scrapper · age_up feudal |
| 14:44 | KingSidOnly · age_up castle |
| 15:47 | JJCalmon · age_up castle |
| 15:56 | · age_up castle |
| 16:29 | Scrapper · first_building Barracks |
| 16:46 | Doby1Konobi · first_market_buy 100 food |
| 16:50 | Doby1Konobi · first_market_sell 100 wood |
| 17:10 | · first_building Castle |
| 17:35 | Scrapper · first_building Archery Range |
| 18:02 | ffaldeco11 · age_up castle |
| 18:12 | ffaldeco11 · first_building Castle |
| 18:13 | Scrapper · age_up castle |
| 18:18 | Scrapper · first_market_buy 100 stone |
| 18:39 | Scrapper · first_building Castle |
| 20:23 | JJCalmon · first_building Barracks |
| 20:24 | Doby1Konobi · first_building Castle |
| 20:28 | · first_building Siege Workshop |
| 20:31 | Doby1Konobi · wall_segment Stone Wall x6 |
| 20:38 | Doby1Konobi · wall_segment Stone Wall x8 |
| 20:52 | Scrapper · first_building Monastery |
| 21:12 | · first_building Barracks |
| 21:16 | KingSidOnly · first_building Monastery |
| 21:27 | JJCalmon · first_building Stable |
| 21:29 | Doby1Konobi · first_building Barracks |
| 22:12 | KingSidOnly · first_market_buy 100 stone |
| 23:33 | Scrapper · first_market_sell 100 stone |
| 25:17 | KingSidOnly · first_building Barracks |
| 25:29 | KingSidOnly · first_building Siege Workshop |
| 26:52 | JJCalmon · first_market_buy 100 stone |
| 26:59 | KingSidOnly · first_market_sell 500 wood |
| 27:04 | JJCalmon · first_building Castle |
| 27:33 | · first_building Monastery |
| 27:42 | Scrapper · age_up imperial |
| 28:14 | JJCalmon · first_building Monastery |
| 28:48 | ffaldeco11 · first_building Barracks |
| 29:32 | Doby1Konobi · first_building Archery Range |
| 29:49 | KingSidOnly · first_building Castle |
| 30:15 | ffaldeco11 · first_building Stable |
| 30:24 | KingSidOnly · age_up imperial |
| 30:38 | Scrapper · first_building Siege Workshop |
| 30:44 | JJCalmon · first_building Archery Range |
| 30:48 | ffaldeco11 · age_up imperial |
| 32:00 | JJCalmon · age_up imperial |
| 35:26 | · age_up imperial |
| 36:01 | ffaldeco11 · wall_segment Stone Wall x14 |
| 37:27 | ffaldeco11 · wall_segment Stone Wall x18 |
| 37:49 | · first_market_sell 500 food |
| 37:57 | KingSidOnly · first_building Archery Range |
| 38:54 | ffaldeco11 · first_building Siege Workshop |
| 43:16 | Doby1Konobi · wall_segment Stone Wall x6 |
| 46:06 | Doby1Konobi · wall_segment Stone Wall x38 |
| 46:14 | ffaldeco11 · wall_segment Stone Wall x44 |
| 46:17 | JJCalmon · resign |
| 48:38 | ffaldeco11 · wall_segment Stone Wall x21 |
[ AI ANALYSIS · 1 CREDIT ]
What really happened in this match?
Wolo.gg analyzes every decision: build order, eco, micro, common mistakes by bracket. Personalized analysis on WhatsApp or Discord in 30 seconds.
Civ guide
Britons
Map guide
Arena
Perfil
Scrapper